 Dungeon Crawl Stone Soup version 0.26-a0-812-g31a745ddcd (webtiles) character file.

Game seed: 17985933361255525294

9124 robertstho the Frost Mage (level 11, 0/81 HPs)
             Began as a Gnoll Ice Elementalist on Nov 13, 2020.
             Was an Elder of Vehumet.
             Slain by a boulder beetle (17 damage)
             ... on level 11 of the Dungeon.
             The game lasted 00:24:28 (14655 turns).

robertstho the Frost Mage (Gnoll Ice Elementalist) Turns: 14655, Time: 00:24:29

Health: 0/81       AC:  8    Str: 11    XL:     11   Next: 41%
Magic:  2/23       EV: 17    Int: 20    God:    Vehumet [****..]
Gold:   790        SH:  0    Dex: 16    Spells: 0/26 levels left

rFire    . . .     SeeInvis .   w - +3 great sword
rCold    . . .     Faith    .   (shield currently unavailable)
rNeg     . . .     Spirit   .   A - +1 robe {MR+}
rPois    .         Reflect  .   e - +0 helmet
rElec    .         Harm     .   i - +2 cloak
rCorr    .         Rampage  .   (no gloves)
MR       +....                  (no boots)
Stlth    +++++.....             (no amulet)
HPRegen  0.23/turn              m - ring of stealth
MPRegen  0.18/turn              (no ring)

@: hasted, very quick
A: distributed training, fangs 1, strong nose
a: Renounce Religion


You were on level 11 of the Dungeon.
You worshipped Vehumet.
Vehumet was greatly pleased with you.
You visited 1 branch of the dungeon, and saw 11 of its levels.
You also visited: Sewer.

You collected 790 gold pieces.

Inventory:

Hand Weapons
 w - a +3 great sword (weapon)
Armour
 e - a +0 helmet (worn)
 i - a +2 cloak (worn)
 A - a +1 robe of magic resistance (worn)
Magical Staves
 E - an uncursed staff of air
Jewellery
 m - a ring of stealth (left hand)
 s - an uncursed ring of poison resistance {unknown}
 F - an uncursed ring of fire
Wands
 j - a wand of iceblast (10)
 q - a wand of flame (11)
 u - a wand of acid (5)
 x - a wand of digging (7)
Scrolls
 a - 3 scrolls of enchant weapon
 c - 3 scrolls of magic mapping {unknown}
 k - 5 scrolls of remove curse {unknown}
 n - 7 scrolls of teleportation
 o - 2 scrolls of immolation {unknown}
 r - 3 scrolls of blinking {unknown}
 t - 4 scrolls of enchant armour
 y - a scroll of amnesia {unknown}
 B - a scroll of random uselessness {unknown}
 C - a scroll of noise {unknown}
 D - a scroll of fear {unknown}
 H - 3 scrolls of identify
Potions
 b - 3 potions of flight
 d - 3 potions of lignification
 f - a potion of haste
 g - a potion of curing
 l - 3 potions of degeneration
 p - a potion of invisibility {unknown}
 v - a potion of brilliance
 z - a potion of resistance {unknown}
 G - a potion of ambrosia {unknown}


   Skills:
 + Level 6.2 Fighting
 + Level 6.2 Short Blades
 + Level 6.2 Long Blades
 + Level 6.2 Axes
 + Level 6.2 Maces & Flails
 + Level 6.2 Polearms
 + Level 6.2 Staves
 + Level 6.2 Slings
 + Level 6.2 Bows
 + Level 6.2 Crossbows
 + Level 6.2 Throwing
 + Level 6.2 Armour
 + Level 7.8 Dodging
 + Level 7.6 Stealth
 + Level 6.2 Shields
 + Level 6.2 Unarmed Combat
 + Level 8.1 Spellcasting
 + Level 5.2 Conjurations
 + Level 5.2 Hexes
 + Level 5.2 Summonings
 + Level 5.2 Necromancy
 + Level 5.2 Translocations
 + Level 5.2 Transmutations
 + Level 5.2 Fire Magic
 + Level 8.9 Ice Magic
 + Level 5.2 Air Magic
 + Level 5.2 Earth Magic
 + Level 5.2 Poison Magic
 + Level 6.9 Invocations
 + Level 6.2 Evocations


You couldn't memorise any spells.
You knew the following spells:

 Your Spells              Type           Power        Failure   Level
a - Freeze                Ice            ####         1%          1
b - Frozen Ramparts       Ice            #####.       1%          3
c - Ozocubu's Armour      Ice            #####...     1%          3
d - Hailstorm             Conj/Ice       #####...     1%          4
e - Summon Ice Beast      Ice/Summ       #####...     4%          4
f - Foxfire               Conj/Fire      ####         1%          1
g - Apportation           Tloc           ####..       1%          1
h - Airstrike             Air            ####......   2%          4
i - Fireball              Conj/Fire      ####......   7%          5

Your spell library contained the following spells:

 Spells                   Type           Power        Failure   Level
 Animate Skeleton         Necr           ####..       1%          1
 Corona                   Hex            ####...      1%          1
 Summon Small Mammal      Summ           ####         1%          1


Dungeon Overview and Level Annotations

Branches:
Dungeon (11/15)            Temple (0/1) D:5            Lair (0/6) D:10
  Sewer (visited)
    Orc: D:9-12

Altars:
Ashenzari
Dithmenos
Elyvilon
Fedhas
Gozag
Kikubaaqudgha
Qazlal
Trog
Uskayaw
Vehumet
Wu Jian
Yredelemnul
The Shining One


Innate Abilities, Weirdness & Mutations

Your experience applies equally to all skills.
You have very sharp teeth.
Your uncanny sense of smell can sniff out nearby items.


Message History

The foxfire hits the wyvern skeleton.
The wyvern skeleton is moderately damaged.
The foxfire hits the wyvern skeleton.
The wyvern skeleton is heavily damaged.
Your ice beast hits the boulder beetle.
Your ice beast freezes the boulder beetle!
The wyvern skeleton bites you but does no damage.
You feel better.
Your ice beast closely misses the bullfrog.
The wyvern skeleton barely misses you. The boulder beetle hits you!!
* * * LOW HITPOINT WARNING * * *
The boulder beetle stops rolling and uncurls.
Unknown command.
Casting: Foxfire (safe; 1% risk of failure)
Confirm with . or Enter, or press ? or * to list all spells.
You don't have enough magic to cast that spell.
You feel yourself speed up. The wyvern skeleton bites you.
* * * LOW HITPOINT WARNING * * *
The boulder beetle bites you!
You die...

##....#########
.>...+.......# ∆
....#.......#######
...#.............#
..#.............#
#.#..).Y......).+
#.#.(...F°......#
#.#'#####ZB.....#
#....^..#.@.....#
#.......#########
#..........
+........(.
#..c.......
...#+#...F. ....#
..... .....# ##+#.
......# ∆


You could see a boulder beetle, a bullfrog (slow), a wyvern skeleton and a
friendly ice beast (summoned).

Vanquished Creatures
  2 two-headed ogres (D:10)
  The ghost of Maimakterion the Destroyer, a novice DrAE of Sif Muna (D:9)
  A wraith (D:9)
  4 yaks (D:10)
  2 basilisks (D:10)
  A nameless horror (D:9)
  2 water moccasins (D:10)
  2 eyes of draining (D:8)
  A hornet zombie (D:10)
  3 orc warriors
  6 ice beasts
  A black bear (D:9)
  3 phantoms
  6 ogres
  3 centaurs
  A big kobold (D:9)
  10 bullfrogs
  5 scorpions
  3 wights
  8 howler monkeys
  2 bullfrog zombies
  4 hounds
  2 centaur skeletons
  A jelly (D:8)
  2 centaur zombies (D:8)
  4 orc priests
  A gnoll shaman (D:7)
  2 human zombies (D:9)
  6 orc wizards
  2 bullfrog skeletons
  3 iguanas
  8 worker ants
  An ogre zombie (D:9)
  A bullfrog simulacrum (D:9)
  A mummy (D:9)
  7 gnolls
  2 howler monkey skeletons
  14 adders
  2 shadow imps (D:8)
  3 white imps
  A worker ant simulacrum (D:9)
  An ufetubus (D:10)
  An ooze (D:1)
  3 adder skeletons
  2 worms
  3 dart slugs
  15 leopard geckos
  26 orcs
  2 ball pythons
  9 giant cockroaches
  4 goblins
  10 hobgoblins
  10 jackals
  2 quokkas
  3 bats
  14 frilled lizards
  17 kobolds
  A leopard gecko zombie (D:3)
  3 orc zombies (D:9)
  A quokka skeleton (D:6)
  6 rats
267 creatures vanquished.

Vanquished Creatures (collateral kills)
  A centaur zombie (D:10)
  A hornet (D:9)
  A wraith (D:10)
  A wyvern (D:10)
  A sky beast (D:10)
  2 ice beasts
  An ogre (D:10)
  A bullfrog (D:9)
  2 wights
  A gnoll shaman (D:10)
  A human zombie (D:9)
  A human skeleton (D:9)
  A worker ant (D:7)
  3 gnolls (D:10)
  An orc (D:9)
19 creatures vanquished.

Vanquished Creatures (others)
  A white imp (D:9)
  47 foxfires
  4 plants (D:1)
  4 withered plants (D:2)
56 creatures vanquished.

Grand Total: 342 creatures vanquished

Notes
Turn   | Place    | Note
-------+----------+-------------------------------------------
     0 | D:1      | robertstho the Gnoll Ice Elementalist began the quest for
                  | the Orb.
     0 | D:1      | Reached XP level 1. HP: 13/13 MP: 6/6
   415 | D:1      | Reached XP level 2. HP: 11/19 MP: 5/7
   687 | D:1      | Found a basalt altar of Yredelemnul.
  1253 | D:1      | Reached XP level 3. HP: 20/25 MP: 6/9
  1255 | D:1      | Reached skill level 5 in Spellcasting
  1879 | D:2      | Reached skill level 1 in Invocations
  1881 | D:2      | Reached skill level 1 in Fighting
  1881 | D:2      | Reached skill level 1 in Short Blades
  1881 | D:2      | Reached skill level 1 in Long Blades
  1881 | D:2      | Reached skill level 1 in Axes
  1881 | D:2      | Reached skill level 1 in Maces & Flails
  1881 | D:2      | Reached skill level 1 in Polearms
  1881 | D:2      | Reached skill level 1 in Staves
  1881 | D:2      | Reached skill level 1 in Slings
  1881 | D:2      | Reached skill level 1 in Bows
  1881 | D:2      | Reached skill level 1 in Crossbows
  1881 | D:2      | Reached skill level 1 in Throwing
  1881 | D:2      | Reached skill level 1 in Armour
  1881 | D:2      | Reached skill level 1 in Shields
  1881 | D:2      | Reached skill level 1 in Unarmed Combat
  1881 | D:2      | Reached skill level 1 in Evocations
  2110 | D:2      | Reached XP level 4. HP: 25/32 MP: 6/11
  2115 | D:2      | Learned a level 3 spell: Frozen Ramparts
  2119 | D:2      | Learned a level 3 spell: Ozocubu's Armour
  2580 | D:2      | Found a radiant altar of Vehumet.
  2581 | D:2      | Reached skill level 1 in Conjurations
  2581 | D:2      | Reached skill level 1 in Hexes
  2581 | D:2      | Reached skill level 1 in Summonings
  2581 | D:2      | Reached skill level 1 in Necromancy
  2581 | D:2      | Reached skill level 1 in Translocations
  2581 | D:2      | Reached skill level 1 in Transmutations
  2581 | D:2      | Reached skill level 1 in Fire Magic
  2581 | D:2      | Reached skill level 1 in Air Magic
  2581 | D:2      | Reached skill level 1 in Earth Magic
  2581 | D:2      | Reached skill level 1 in Poison Magic
  2587 | D:2      | Became a worshipper of Vehumet
  2650 | D:2      | Found an ancient bone altar of Kikubaaqudgha.
  3109 | D:3      | Found a glowing drain.
  3127 | Sewer    | Entered a sewer
  3167 | Sewer    | Reached XP level 5. HP: 31/37 MP: 8/12
  3535 | Sewer    | HP: 2/55 [bullfrog (5)]
  3538 | Sewer    | Reached XP level 6. HP: 2/44 MP: 3/14
  4232 | D:3      | Reached skill level 5 in Dodging
  4262 | D:3      | Reached * piety under Vehumet
  4262 | D:3      | Offered knowledge of Foxfire by Vehumet.
  4268 | D:3      | Learned a level 4 spell: Hailstorm
  4273 | D:3      | Learned a level 4 spell: Summon Ice Beast
  4554 | D:3      | Found a shadowy altar of Dithmenos.
  5056 | D:4      | Reached XP level 7. HP: 50/50 MP: 15/15
  5701 | D:4      | Reached skill level 5 in Stealth
  5707 | D:4      | Reached ** piety under Vehumet
  5898 | D:4      | Found an ornate altar of the Wu Jian Council.
  5900 | D:4      | Found a stormy altar of Qazlal.
  6439 | D:5      | Entered Level 5 of the Dungeon
  6439 | D:5      | Found a staircase to the Ecumenical Temple.
  6461 | D:5      | Reached XP level 8. HP: 57/57 MP: 10/16
  6464 | D:5      | Learned a level 1 spell: Foxfire
  6466 | D:5      | Learned a level 1 spell: Apportation
  6520 | D:5      | Found a white marble altar of Elyvilon.
  6540 | D:5      | Offered knowledge of Sandblast by Vehumet.
  6920 | D:5      | Found a broken altar of Ashenzari.
  7257 | D:5      | Found a hide-covered altar of Uskayaw.
  7838 | D:6      | Reached XP level 9. HP: 52/65 MP: 15/18
  7966 | D:6      | Offered knowledge of Stone Arrow by Vehumet.
  8982 | D:7      | Found an opulent altar of Gozag.
  9012 | D:7      | Reached *** piety under Vehumet
  9551 | D:8      | Found a glowing golden altar of the Shining One.
  9715 | D:8      | Reached skill level 5 in Invocations
 10082 | D:8      | Found a radiant altar of Vehumet.
 10300 | D:8      | Offered knowledge of Olgreb's Toxic Radiance by Vehumet.
 10368 | D:8      | Found a bloodstained altar of Trog.
 10399 | D:8      | Reached XP level 10. HP: 73/73 MP: 1/20
 10674 | D:9      | Found a runed translucent gate.
 10674 | D:9      | Found a runed translucent gate.
 10674 | D:9      | Found a runed translucent gate.
 10786 | D:9      | Reached skill level 5 in Fighting
 10786 | D:9      | Reached skill level 5 in Short Blades
 10786 | D:9      | Reached skill level 5 in Long Blades
 10786 | D:9      | Reached skill level 5 in Axes
 10786 | D:9      | Reached skill level 5 in Maces & Flails
 10786 | D:9      | Reached skill level 5 in Polearms
 10786 | D:9      | Reached skill level 5 in Staves
 10786 | D:9      | Reached skill level 5 in Slings
 10786 | D:9      | Reached skill level 5 in Bows
 10786 | D:9      | Reached skill level 5 in Crossbows
 10786 | D:9      | Reached skill level 5 in Throwing
 10786 | D:9      | Reached skill level 5 in Armour
 10786 | D:9      | Reached skill level 5 in Shields
 10786 | D:9      | Reached skill level 5 in Unarmed Combat
 10786 | D:9      | Reached skill level 5 in Evocations
 10992 | D:9      | Noticed Maimakterion's ghost (novice DrAE)
 11083 | D:9      | Found a basalt altar of Yredelemnul.
 11318 | D:9      | Reached **** piety under Vehumet
 11644 | D:9      | Found a blossoming altar of Fedhas.
 11732 | D:9      | Offered knowledge of Airstrike by Vehumet.
 12366 | D:9      | Learned a level 4 spell: Airstrike
 12443 | D:9      | Killed Maimakterion's ghost
 12714 | D:10     | Entered Level 10 of the Dungeon
 12732 | D:10     | Noticed a two-headed ogre
 12748 | D:10     | Killed a two-headed ogre
 12877 | D:10     | Found a staircase to the Lair.
 12904 | D:10     | Reached XP level 11. HP: 81/81 MP: 20/22
 13711 | D:10     | Reached skill level 5 in Conjurations
 13711 | D:10     | Reached skill level 5 in Hexes
 13711 | D:10     | Reached skill level 5 in Summonings
 13711 | D:10     | Reached skill level 5 in Necromancy
 13711 | D:10     | Reached skill level 5 in Translocations
 13711 | D:10     | Reached skill level 5 in Transmutations
 13711 | D:10     | Reached skill level 5 in Fire Magic
 13711 | D:10     | Reached skill level 5 in Air Magic
 13711 | D:10     | Reached skill level 5 in Earth Magic
 13711 | D:10     | Reached skill level 5 in Poison Magic
 13798 | D:10     | Noticed a two-headed ogre
 13823 | D:10     | Killed a two-headed ogre
 13841 | D:10     | Reached ***** piety under Vehumet
 13841 | D:10     | Offered knowledge of Fireball by Vehumet.
 13869 | D:10     | Learned a level 5 spell: Fireball
 14628 | D:11     | Noticed a boulder beetle
 14655 | D:11     | Slain by a boulder beetle

Illustrated notes

Levels and vault maps discovered:
D:1:      dpeg_arrival_water_temple_mockup, layout_basic,
          kennysheep_flooded_box, supply_closet_lemuel, lexackson_kobold_supper
D:2:      layout_loops_ring, nicolae_overflow_crystal_walls,
          kiku_gazebo_garden_becter
D:3:      layout_loops_corners, nicolae_dithmenos_shadow_blocks,
          gup_sewer_entry_pipe
D:4:      layout_loops_cross, chequers_temple_overflow_statue_of_worship
D:5:      layout_loops_ring, eat_drink_and_be_merry_uskayaw,
          minmay_temple_entry_overgrown, basic_altar, elyvilon_altar_3
D:6:      layout_loops_ring, minmay_misc_feat_rows
D:7:      layout_basic, nicolae_gozag_seed_capital, serial_curves,
          eino_curves_04, eino_curves_01, eino_curves_04, eino_curves_04
D:8:      layout_loops_ring, trog_eyes_of_draining, tso_metal_star, basic_altar,
          chequers_serial_rivers_marsh
D:9:      layout_cave_pools, fedhas_altar_2, lemuel_mausoleum_altar_yredelemnul,
          gammafunk_ghost_icy
D:10:     layout_irregular_city, david_lair_generic, hangedman_decor_points,
          nicolae_two_hexagons
D:11:     layout_irregular_city, uniq_urug, uniq_harold

Skill      XL: |  1  2  3  4  5  6  7  8  9 10 11 |
---------------+----------------------------------+-----
Spellcasting   | 5 6 7 8 |  8.1
Invocations    | 1 2 3 4 5 6 |  6.9
Fighting       | 1 2 3 4 5 6 |  6.2
Short Blades   | 1 2 3 4 5 6 |  6.2
Long Blades    | 1 2 3 4 5 6 |  6.2
Axes           | 1 2 3 4 5 6 |  6.2
Maces & Flails | 1 2 3 4 5 6 |  6.2
Polearms       | 1 2 3 4 5 6 |  6.2
Staves         | 1 2 3 4 5 6 |  6.2
Slings         | 1 2 3 4 5 6 |  6.2
Bows           | 1 2 3 4 5 6 |  6.2
Crossbows      | 1 2 3 4 5 6 |  6.2
Throwing       | 1 2 3 4 5 6 |  6.2
Armour         | 1 2 3 4 5 6 |  6.2
Shields        | 1 2 3 4 5 6 |  6.2
Unarmed Combat | 1 2 3 4 5 6 |  6.2
Evocations     | 1 2 3 4 5 6 |  6.2
Conjurations   | 1 2 3 4 5 |  5.2
Hexes          | 1 2 3 4 5 |  5.2
Summonings     | 1 2 3 4 5 |  5.2
Necromancy     | 1 2 3 4 5 |  5.2
Translocations | 1 2 3 4 5 |  5.2
Transmutations | 1 2 3 4 5 |  5.2
Fire Magic     | 1 2 3 4 5 |  5.2
Air Magic      | 1 2 3 4 5 |  5.2
Earth Magic    | 1 2 3 4 5 |  5.2
Poison Magic   | 1 2 3 4 5 |  5.2
Dodging        | 5 6 7 |  7.8
Stealth        | 5 6 7 |  7.6
Ice Magic      | 8 |  8.9

Action                   |  1- 3 |  4- 6 |  7- 9 | 10-12 || total
-------------------------+-------+-------+-------+-------++-------
Melee: Unarmed           |    52 |    40 |       |       ||    92
       Bite              |     5 |     4 |    19 |    22 ||    50
       Great sword       |       |    12 |   138 |   139 ||   289
 Cast: Freeze            |    32 |    12 |     1 |     1 ||    46
       Frozen Ramparts   |       |    25 |    48 |    27 ||   100
       Ozocubu's Armour  |       |     1 |       |       ||     1
       Summon Ice Beast  |       |       |    20 |    34 ||    54
       Foxfire           |       |       |     2 |    24 ||    26
       Airstrike         |       |       |       |     4 ||     4
       Hailstorm         |       |       |       |     2 ||     2
       Fireball          |       |       |       |     5 ||     5
  Use: Potion            |       |     2 |       |     6 ||     8
       Scroll            |       |     3 |     7 |     1 ||    11
 Stab: Sleeping          |     3 |     4 |    12 |    14 ||    33
       Distracted        |       |       |     1 |     4 ||     5
Armor: Robe              |     7 |    14 |    25 |    24 ||    70
       Skin              |       |    15 |       |       ||    15
Dodge: Dodged            |    58 |    53 |   145 |   142 ||   398
       Rpst.: Great sword |       |     9 |    43 |    39 ||    91

Table legend: (Time is in decaauts)
 A = Elapsed time spent in this place.
 B = Non-inter-level travel time spent in this place.
 C = Inter-level travel time spent in this place.
 D = Time resting spent in this place.
 E = Time spent auto-exploring this place.
 F = Levels seen in this place.
 G = Mean time per level.
                   A        B        C        D        E       F      G
               +--------+--------+--------+--------+--------+-----+--------+
         Total |  14959 |  14640 |    319 |   1420 |  10463 |  12 | 1246.6 |
       Dungeon |  13746 |  13427 |    319 |   1090 |   9864 |  11 | 1249.6 |
         Sewer |   1213 |   1213 |      0 |    330 |    599 |   1 | 1213.0 |
               +--------+--------+--------+--------+--------+-----+--------+

Top non-repeatable levels by time:
    D:10: 1918 daAuts
     D:1: 1866 daAuts
     D:9: 1843 daAuts
     D:8: 1410 daAuts
     D:4: 1409 daAuts
   Sewer: 1213 daAuts
     D:5: 1189 daAuts
     D:2: 1145 daAuts
     D:6: 1033 daAuts
     D:3: 969 daAuts
     D:7: 913 daAuts
    D:11: 47 daAuts
